 Dungeon Crawl Stone Soup version 0.23-a0-181-g24f899a (webtiles) character file.

2256 Gildeon the Basher (level 9, -3/54 HPs)
             Began as a Gargoyle Fighter on Sept 18, 2018.
             Was a Believer of the Shining One.
             Slain by an orc warrior
             ... wielding a +0 trident
              (5 damage)
             ... on level 7 of the Dungeon on Sept 19, 2018.
             The game lasted 00:23:33 (5551 turns).

Gildeon the Basher (Gargoyle Fighter)               Turns: 5551, Time: 00:23:34

Health: -3/54      AC: 18    Str: 21    XL:     9   Next: 37%
Magic:  9/9        EV:  4    Int: 15    God:    the Shining One [**....]
Gold:   250        SH:  9    Dex: 10    Spells: 7/8 levels left

rFire    . . .     SeeInvis .   a - +0 morningstar
rCold    . . .     Gourm    .   c - +0 shield
rNeg     + + .     Faith    .   b - +0 plate armour
rPois    ∞         Spirit   .   (no helmet)
rElec    +         Reflect  .   (no cloak)
rCorr    .         Harm     .   (no gloves)
MR       .....                  (no boots)
Stlth    ..........             j - amulet of rage
HPRegen  0.18/turn              (no ring)
MPRegen  0.11/turn              (no ring)

@: brilliant, very slightly contaminated, hasted, glowing, invisible (but
backlit and visible), very quick
A: negative energy resistance 1, electricity resistance, unbreathing,
petrification resistance, rot immunity, AC +6
a: Divine Shield, Renounce Religion, Evoke Berserk Rage


You were on level 7 of the Dungeon.
You worshipped the Shining One.
The Shining One was pleased with you.
You were not hungry.

You visited 2 branches of the dungeon, and saw 8 of its levels.

You collected 250 gold pieces.

Inventory:

Hand Weapons
 a - a +0 morningstar (weapon)
Armour
 b - a +0 plate armour (worn)
 c - a +0 shield (worn)
Jewellery
 j - an amulet of rage (around neck)
Wands
 e - a wand of polymorph (14)
Scrolls
 g - 4 scrolls of teleportation
 h - a scroll of fear {unknown}
 k - 3 scrolls of remove curse
 l - 3 scrolls of amnesia
 m - a scroll of blinking {unknown}
 o - a scroll of enchant weapon {unknown}
 p - a scroll of random uselessness {unknown}
Potions
 d - 3 potions of might
 i - a potion of mutation
Comestibles
 f - 10 rations
 r - 6 chunks of flesh


   Skills:
 - Level 5.0 Fighting
 * Level 11.1 Maces & Flails
 - Level 5.0 Armour
 + Level 3.5 Shields


You had 7 spell levels left.
You knew the following spells:

 Your Spells              Type           Power        Failure   Level  Hunger
a - Apportation           Tloc           #.....       88%         1    ##.....

Your spell library contained the following spells:

 Spells                   Type           Power        Failure   Level  Hunger
 Animate Skeleton         Necr           N/A          88%         1    ##.....
 Confusing Touch          Hex            #.....       88%         1    ##.....
 Summon Small Mammal      Summ           #...         88%         1    ##.....


Dungeon Overview and Level Annotations

Branches:
Dungeon (7/15)             Temple (1/1) D:6

Altars:
Ashenzari
Cheibriados
Dithmenos
Fedhas
Gozag
Hepliaklqana
Kikubaaqudgha
Makhleb
Nemelex Xobeh
Okawaru
Qazlal
Ru
Sif Muna
Trog
Uskayaw
Vehumet
Wu Jian
Xom
Yredelemnul
Zin
The Shining One

Annotations:
D:4 exclusion: door


Innate Abilities, Weirdness & Mutations

You are resistant to torment.
Your stone body is resilient. (AC +6)
You are immune to poison.
You resist negative energy. (rN+)
You are resistant to electric shocks. (rElec)
You can survive without breathing.
You are immune to petrification.
You are immune to rotting.


Message History

You hit the ice beast but do no damage.
The ice beast is almost dead.
The orc warrior hits you from afar with a trident!
The ice beast hits you. The ice beast freezes you!
* * * LOW HITPOINT WARNING * * *
You puncture the ice beast!
You kill the ice beast!
The orc warrior barely misses you.
The orc warrior hits you from afar with a trident!
* * * LOW HITPOINT WARNING * * *
It was a potion of invisibility.
You become transparent, but the glow from your halo prevents you from becoming You are very lightly contaminated with residual magic.
The orc warrior hits you from afar with a trident.
* * * LOW HITPOINT WARNING * * *
It was a potion of haste.
You feel yourself speed up.
It was a potion of brilliance.
You feel clever all of a sudden.
The orc warrior hits you from afar with a trident.
You die...

#. #.......##.# #.#
# #.......##.# #.#
#.###.####.# #.#
#.....####.# #)#
#..........######.#
#o#....=.....[....#
#o#.#.........#####
#.#.#.#######.#
#.@.#.. #.#
######## #.# ..#
###


You could see an orc warrior and an orc.

Vanquished Creatures
  Sigmund (D:6)
  Eustachio (D:6)
  Edmund (D:6)
  Duvessa (D:6)
  2 orc warriors
  2 ice beasts
  2 ogres
  A phantom (D:4)
  A sky beast (D:5)
  Blork the orc (D:5)
  Dowan (D:6)
  3 killer bees (D:4)
  2 hounds
  2 jellies (D:5)
  3 orc priests
  7 orc wizards
  A bullfrog skeleton (D:5)
  Jessica (D:3)
  2 worker ants (D:6)
  A hound skeleton (D:4)
  A worker ant zombie (D:5)
  3 gnolls (D:6)
  A howler monkey skeleton (D:4)
  6 adders
  A shadow imp (D:5)
  An ooze (D:1)
  A worm (D:5)
  6 dart slugs
  3 leopard geckos
  18 orcs
  11 bats
  10 giant cockroaches
  8 goblins
  8 hobgoblins
  15 jackals
  10 kobolds
  4 quokkas
  6 frilled lizards
  A jackal skeleton (D:6)
  8 rats
  A spectral orc (D:4)
159 creatures vanquished.

Vanquished Creatures (others)
  A scorpion (D:4)
  A worker ant (D:4)
  A ball python (D:4)
  A quokka (D:4)
4 creatures vanquished.

Grand Total: 163 creatures vanquished

Notes
Turn   | Place    | Note
-------+----------+-------------------------------------------
     0 | D:1      | Gildeon the Gargoyle Fighter began the quest for the Orb.
     0 | D:1      | Reached XP level 1. HP: 14/14 MP: 1/1
   197 | D:1      | Reached XP level 2. HP: 19/19 MP: 2/2
   317 | D:1      | Reached skill level 3 in Maces & Flails
   463 | D:1      | Reached XP level 3. HP: 14/23 MP: 3/3
  1006 | D:2      | Found an ancient bone altar of Kikubaaqudgha.
  1161 | D:2      | Reached skill level 4 in Maces & Flails
  1220 | D:2      | Reached XP level 4. HP: 28/28 MP: 4/4
  1398 | D:2      | Found a glowing golden altar of the Shining One.
  1406 | D:2      | Became a worshipper of the Shining One
  1588 | D:2      | Reached skill level 5 in Maces & Flails
  1692 | D:2      | Found a sacrificial altar of Ru.
  1714 | D:2      | Reached XP level 5. HP: 28/32 MP: 5/5
  2122 | D:3      | Learned a level 1 spell: Apportation
  2122 | D:3      | Upgraded the game from 0.23-a0-180-ga5275e7 to
                  | 0.23-a0-181-g24f899a
  2418 | D:3      | Found a sparkling altar of Nemelex Xobeh.
  2418 | D:3      | Noticed Jessica
  2427 | D:3      | Killed Jessica
  2427 | D:3      | Reached skill level 6 in Maces & Flails
  2451 | D:3      | Reached XP level 6. HP: 37/37 MP: 6/6
  2652 | D:4      | Reached * piety under the Shining One
  2712 | D:4      | Found a burning altar of Makhleb.
  2719 | D:4      | Found a basalt altar of Yredelemnul.
  2738 | D:4      | Noticed a phantom
  2765 | D:4      | Killed a phantom
  2765 | D:4      | Reached skill level 7 in Maces & Flails
  2842 | D:4      | Reached XP level 7. HP: 25/41 MP: 7/7
  3075 | D:4      | Reached skill level 8 in Maces & Flails
  3419 | D:4      | Found a deep blue altar of Sif Muna.
  3590 | D:4      | Found a shimmering altar of Xom.
  3686 | D:5      | Entered Level 5 of the Dungeon
  3896 | D:5      | Reached XP level 8. HP: 48/48 MP: 8/8
  4145 | D:5      | Reached skill level 9 in Maces & Flails
  4350 | D:5      | Noticed Blork the orc
  4358 | D:5      | Killed Blork the orc
  4472 | D:5      | Reached skill level 5 in Fighting
  4644 | D:6      | Noticed Sigmund
  4675 | D:6      | Noticed Eustachio
  4729 | D:6      | Found a staircase to the Ecumenical Temple.
  4744 | Temple   | Entered the Ecumenical Temple
  4848 | D:6      | Noticed Dowan
  4871 | D:6      | Killed Dowan
  4916 | D:6      | Noticed Duvessa
  4929 | D:6      | Killed Duvessa
  5075 | D:6      | Reached skill level 10 in Maces & Flails
  5186 | D:6      | Killed Eustachio
  5186 | D:6      | Reached XP level 9. HP: 54/54 MP: 9/9
  5268 | D:6      | Reached ** piety under the Shining One
  5276 | D:6      | Killed Sigmund
  5276 | D:6      | Reached skill level 5 in Armour
  5303 | D:6      | Noticed Edmund
  5310 | D:6      | Killed Edmund
  5414 | D:7      | Reached skill level 11 in Maces & Flails
  5549 | D:7      | HP: 2/54 [orc warrior/trident (6)]
  5551 | D:7      | Slain by an orc warrior

Vault maps used:
D:1:      moated_graveyard_arrival
D:2:      lemuel_coloured_pillars_altar, kiku_gazebo_garden_becter,
          lemuel_crystal_altar, corexii_corridor_pit, kennysheep_nondescript
D:3:      first_ration, nemelex_lonely_heart_becter
D:4:      overflow_temple_1_default, yredelemnul_forgotten_temple_becter,
          led_sif_book, xom_confusion_cloud
D:5:      uniq_blork_the_orc
D:6:      minmay_temple_entry_junction, uniq_duvessa, uniq_edmund,
          uniq_eustachio, uniq_sigmund
D:7:      uniq_harold
Temple:   zaba_magenta_temple

Skill      XL: |  1  2  3  4  5  6  7  8  9 |
---------------+----------------------------+-----
Maces & Flails | 3 4 5 6 7 8 10 11 | 11.1
Fighting       | 4 5 |  5.0
Armour         | 4 5 |  5.0
Shields        | |  3.5

Action                   |  1- 3 |  4- 6 |  7- 9 || total
-------------------------+-------+-------+-------++-------
Melee: Flail             |   119 |   126 |       ||   245
       Morningstar       |       |    66 |   219 ||   285
  Use: Scroll            |       |     4 |     4 ||     8
       Potion            |       |       |     4 ||     4
  Eat: Chunk             |     1 |     6 |     2 ||     9
       Ration            |       |       |     2 ||     2
Armor: Scale mail        |    64 |    91 |       ||   155
       Plate armour      |       |    43 |   136 ||   179
       Chain mail        |       |     4 |       ||     4
Dodge: Dodged            |    34 |    43 |    26 ||   103
Block: Shield            |    78 |    91 |    98 ||   267

Table legend:
 A = Non-vault XP
 B = Vault XP
 C = Vault XP percentage of total XP
 D = Non-vault monster count
 E = Vault monster count
 F = Vault count percentage of total count
                 A         B        C        D         E       F
            +---------+---------+-------+---------+---------+-------
      Total |    2242 |     981 |  30.4 |     148 |      11 |   6.9
            +---------+---------+-------+---------+---------+-------
        D:1 |      44 |       0 |   0.0 |      21 |       0 |   0.0
        D:2 |     137 |       0 |   0.0 |      37 |       0 |   0.0
        D:3 |     188 |      37 |  16.4 |      37 |       1 |   2.6
        D:4 |     513 |      55 |   9.7 |      10 |       4 |  28.6
        D:5 |     646 |      96 |  12.9 |      21 |       1 |   4.5
        D:6 |     391 |     793 |  67.0 |      16 |       5 |  23.8
        D:7 |     323 |       0 |   0.0 |       6 |       0 |   0.0
            +---------+---------+-------+---------+---------+-------
